 Dungeon Crawl Stone Soup version 0.22-a0-322-g60b3cfd (webtiles) character file.

430 torrenera the Changer (level 6, 0/47 HPs)
             Began as a Draconian Transmuter on Apr 4, 2018.
             Was a Follower of Makhleb.
             Slain by a centaur (1 damage)
             ... on level 5 of the Dungeon.
             The game lasted 00:17:22 (5894 turns).

torrenera the Changer (Draconian Transmuter)        Turns: 5894, Time: 00:17:23

Health: 0/47       AC:  6    Str: 12    XL:     6   Next: 66%
Magic:  15/18      EV: 12    Int: 16    God:    Makhleb [*.....]
Gold:   267        SH:  0    Dex: 11    Spells: 3/9 levels left

rFire    . . .     SeeInvis .   w - +0 falchion (elec)
rCold    . . .     Gourm    .   (no shield)
rNeg     . . .     Faith    .   (armour unavailable)
rPois    .         Spirit   .   (helmet restricted)
rElec    .         Reflect  .   (no cloak)
rCorr    .         Harm     .   (no gloves)
MR       +....                  (no boots)
Stlth    +.........             (no amulet)
HPRegen  0.15/turn              f - ring of protection from magic
MPRegen  0.16/turn              j - ring of magical power

@: no status effects
A: unfitting armour, cold-blooded, AC +6
a: Renounce Religion


You were on level 5 of the Dungeon.
You worshipped Makhleb.
Makhleb was aware of your devotion.
You were hungry.

You visited 1 branch of the dungeon, and saw 5 of its levels.

You collected 267 gold pieces.

Inventory:

Hand Weapons
 a - a +0 hunting sling
 k - a +3 dagger
 l - a cursed -2 short sword
 w - a +0 falchion of electrocution (weapon)
Missiles
 b - 86 stones (quivered)
 d - 46 arrows
 h - 11 sling bullets
 x - 4 needles of confusion
Jewellery
 f - a ring of protection from magic (left hand)
 j - a ring of magical power (right hand)
Scrolls
 e - 5 scrolls of remove curse
 g - a scroll of magic mapping {unknown}
 m - a scroll of random uselessness {unknown}
 n - 3 scrolls of teleportation {unknown}
 o - a scroll of immolation {unknown}
 p - a scroll of blinking {unknown}
 q - 2 scrolls of enchant armour {unknown}
 r - 2 scrolls of fog {unknown}
 s - a scroll of fear {unknown}
 u - 3 scrolls of identify
Potions
 i - 3 potions of brilliance
 t - a potion of curing
 v - a potion of mutation {unknown}
Comestibles
 c - 8 rations


   Skills:
 - Level 1.1 Fighting
 - Level 1.7 Dodging
 - Level 3.3 Unarmed Combat
 + Level 2.0 Spellcasting
 + Level 7.1 Transmutations


You had 3 spell levels left.
You knew the following spells:

 Your Spells              Type           Power        Failure   Level  Hunger
a - Beastly Appendage     Tmut           ###...       1%          1    #......
b - Sticks to Snakes      Tmut           ###.....     1%          2    ###....
c - Spider Form           Tmut/Pois      ##........   14%         3    ###....


Dungeon Overview and Level Annotations

Branches:
Dungeon (5/15)             Temple (0/1) D:4

Altars:
Dithmenos
Fedhas
Gozag
Hepliaklqana
Makhleb
Okawaru
Vehumet


Innate Abilities, Weirdness & Mutations

Your plain brown scales are hard. (AC +6)
You cannot fit into any form of body armour.
You are cold-blooded and may be slowed by cold attacks.


Message History

The centaur is heavily wounded.
Your ball python barely misses the centaur.
The centaur closely misses you.
Your ball python bites the centaur but does no damage.
Your ball python bites the centaur.
The centaur hits you but does no damage.
It was a potion of curing.
You feel better.
Your ball python barely misses the centaur.
Your ball python bites the centaur.
The centaur closely misses you.
Okay, then.
Okay, then.
You closely miss the centaur.
You tail-slap the centaur, but do no damage.
The centaur is severely wounded.
Your ball python bites the centaur.
The centaur hits you!
* * * LOW HITPOINT WARNING * * *
Your ball python bites the centaur but does no damage.
Your ball python closely misses the centaur.
The centaur hits you.
You die...

## ############## .#
#..c@((((.(..# .#
#..SS........# .#
#..##........# .#
..##..##........# .####+##
................# ..#....#
...............# .##....#
.......>........# .##....#
%.##..##........#
.##(...##+###..##........#


You could see a centaur and 2 friendly ball pythons.

Vanquished Creatures
  A scorpion (D:4)
  A jelly (D:5)
  A bullfrog zombie (D:5)
  A bullfrog skeleton (D:3)
  2 worker ants (D:4)
  A hound skeleton (D:4)
  4 gnolls
  5 adders
  2 worms
  5 leopard geckos
  13 orcs
  2 ball pythons
  7 bats
  7 giant cockroaches
  7 goblins
  4 hobgoblins
  7 jackals (D:2)
  2 quokkas
  A ball python skeleton (D:4)
  7 frilled lizards
  8 kobolds
  14 rats
102 creatures vanquished.

Vanquished Creatures (collateral kills)
  A scorpion (D:4)
  A worker ant (D:4)
  5 orcs (D:5)
  4 jackals (D:4)
  A frilled lizard (D:4)
12 creatures vanquished.

Grand Total: 114 creatures vanquished

Notes
Turn   | Place    | Note
-------+----------+-------------------------------------------
     0 | D:1      | torrenera the Draconian Transmuter began the quest for the Orb.
     0 | D:1      | Reached XP level 1. HP: 16/16 MP: 3/3
   429 | D:1      | Reached XP level 2. HP: 19/23 MP: 3/5
   603 | D:1      | Reached skill level 3 in Transmutations
  1378 | D:2      | Reached XP level 3. HP: 25/28 MP: 4/6
  1428 | D:2      | Learned a level 2 spell: Sticks to Snakes
  1490 | D:2      | Found a burning altar of Makhleb.
  1705 | D:2      | Reached skill level 4 in Transmutations
  1857 | D:2      | Became a worshipper of Makhleb the Destroyer
  2242 | D:3      | Reached XP level 4. HP: 16/35 MP: 4/7
  2588 | D:3      | Learned a level 3 spell: Spider Form
  2681 | D:3      | Reached skill level 5 in Transmutations
  3021 | D:3      | Found a shadowy altar of Dithmenos.
  3037 | D:3      | Reached * piety under Makhleb
  3246 | D:3      | Found a blossoming altar of Fedhas.
  3420 | D:3      | Reached XP level 5. HP: 40/40 MP: 6/8
  4206 | D:4      | Found a hazy altar of Hepliaklqana.
  4206 | D:4      | Found an iron altar of Okawaru.
  4308 | D:4      | Reached skill level 6 in Transmutations
  4728 | D:4      | Reached XP level 6. HP: 46/47 MP: 1/9
  5122 | D:4      | Found a staircase to the Ecumenical Temple.
  5227 | D:4      | Found an opulent altar of Gozag.
  5487 | D:5      | Entered Level 5 of the Dungeon
  5551 | D:5      | Reached skill level 7 in Transmutations
  5557 | D:5      | Found a radiant altar of Vehumet.
  5894 | D:5      | HP: 1/47 [centaur (9)]
  5894 | D:5      | Slain by a centaur

Vault maps used:
D:1:      grunt_arrival_crossed_arrows, roderic_lattice_a
D:2:      overflow_temple_1_default
D:3:      nicolae_overflow_hidden_temple, overflow_temple_1_default,
          serial_co_window_serial, co_window_paths_a, co_window_paths_a,
          co_window_paths_a, co_window_paths_a, co_window_paths_b,
          co_window_unsneaky_path_b, co_window_2corner,
          co_window_of_opportunity_c, co_window_paths_c, co_window_corner_b,
          co_window_corner_ca, glass_columns_a, glass_columns_a,
          glass_columns_b, glass_columns_a, st_stairs_9
D:4:      lemuel_round_altar, gammafunk_temple_overflow_elements, temple_hall
D:5:      fiery_altar_vehumet, first_ration, uniq_crazy_yiuf_cottage

Skill      XL: |  1  2  3  4  5  6 |
---------------+-------------------+-----
Transmutations | 3 4 5 6 7 |  7.1
Fighting       | |  1.1
Dodging        | |  1.7
Unarmed Combat | |  3.3
Spellcasting   | |  2.0

Action                   |  1- 3 |  4- 6 || total
-------------------------+-------+-------++-------
Melee: Unarmed           |   152 |   209 ||   361
       Tailslap          |    14 |    24 ||    38
       Kick              |     4 |     9 ||    13
       Headbutt          |     1 |    13 ||    14
       Punch             |     1 |     4 ||     5
       Falchion          |       |     3 ||     3
 Fire: Hunting sling     |    22 |    34 ||    56
 Cast: Beastly Appendage |     8 |    17 ||    25
       Sticks to Snakes  |     2 |    23 ||    25
  Use: Scroll            |     3 |       ||     3
       Potion            |       |     4 ||     4
 Stab: Sleeping          |     1 |       ||     1
  Eat: Chunk             |     4 |    10 ||    14
       Ration            |       |     1 ||     1
Armor: Skin              |    44 |    54 ||    98
Dodge: Dodged            |   106 |   157 ||   263
       Rpst.: Falchion   |       |     1 ||     1

Table legend:
 A = Spawn XP
 B = Non-spawn XP
 C = Spawn XP percentage of total XP
 D = Spawn monster count
 E = Non-spawn monster count
 F = Spawn count percentage of total count
 G = Total turns spent on level
                    A         B        C        D         E        F      G
               +---------+---------+-------+---------+---------+-------+---------
         Total |       0 |     615 |   0.0 |       0 |     114 |   0.0 |  5894
               +---------+---------+-------+---------+---------+-------+---------
           D:1 |       0 |      32 |   0.0 |       0 |      23 |   0.0 |  1306
           D:2 |       0 |      51 |   0.0 |       0 |      26 |   0.0 |   843
           D:3 |       0 |     150 |   0.0 |       0 |      32 |   0.0 |  1690
           D:4 |       0 |     267 |   0.0 |       0 |      25 |   0.0 |  1648
           D:5 |       0 |     115 |   0.0 |       0 |       8 |   0.0 |   407
               +---------+---------+-------+---------+---------+-------+---------
